 Dungeon Crawl Stone Soup version 0.28.0-53-g5a82cb258f (webtiles) character file.

Game seed: 3887362620741493501

139 Gabide the Skirmisher (level 5, -11/43 HPs)
             Began as a Mummy Berserker on June 19, 2022.
             Was a Believer of Trog.
             Killed from afar by Ijyb (14 damage)
             ... with a bolt of acid
             ... on level 3 of the Dungeon.
             The game lasted 00:02:40 (3052 turns).

Gabide the Skirmisher (Mummy Berserker)             Turns: 3052, Time: 00:02:41

Health: -11/43     AC:  6    Str: 22    XL:     5   Next: 1%
Magic:  5/5        EV: 11    Int:  7    God:    Trog [**....]
Gold:   116        SH:  0    Dex: 11    Spells: 4/4 levels left

rFire   x . .      SeeInvis .     - Unarmed
rCold   + . .      Faith    .   (no shield)
rNeg    + + +      Spirit   .   g - +0 ring mail
rPois   ∞          Reflect  .   h - +0 helmet
rElec   .          Harm     .   (no cloak)
rCorr   .          Rampage  .   (no gloves)
Will    .....                   (no boots)
Stlth   +.........              (no amulet)
HPRegen 0.14/turn               (no ring)
MPRegen 0.09/turn               (no ring)

@: no status effects
A: cold resistance 1, negative energy resistance 3, torment resistance 2, heat
vulnerability 1, no potions
a: Renounce Religion, Trog's Hand


You were on level 3 of the Dungeon.
You worshipped Trog.
Trog was pleased with you.
You visited 1 branch of the dungeon, and saw 3 of its levels.

You collected 116 gold pieces.

Inventory:

Missiles
 c - 4 boomerangs (quivered)
Armour
 g - a +0 ring mail (worn)
 h - a +0 helmet (worn)
Scrolls
 a - a scroll of teleportation
 b - a scroll of vulnerability
 d - a scroll of identify {unknown}
 e - a scroll of enchant armour {unknown}
 f - a scroll of immolation
 i - a scroll of noise {unknown}


   Skills:
 + Level 4.5 Fighting
 - Level 1.5 Armour
 - Level 1.5 Dodging
 + Level 3.7 Unarmed Combat


You had 4 spell levels left.
You didn't know any spells.
Your spell library was empty.

Dungeon Overview and Level Annotations

Branches:
Dungeon (3/15)

Altars:

Annotations:
D:3 2 transporters, Ijyb; Morge's ghost, weakling DrEE


Innate Abilities, Weirdness & Mutations

You are immune to poison.
Your flesh is cold resistant. (rC+)
You are immune to negative energy. (rN+++)
You are immune to unholy pain and torment.
You are vulnerable to heat. (rF-)
You do not drink.


Message History

You hit the gnoll.
You kill the gnoll!
Trog accepts your kill.
No target in view!
No target in view!
No target in view!
No target in view!
No target in view!
No target in view!
No target in view!
No target in view!
No target in view!
You start resting.
Ijyb is nearby!
Ijyb is nearby!
A goblin and 2 orcs come into view.
The orc shouts! x2; You hear a shout! x2
The orc suddenly grunts.
A quokka comes into view.
Things that are here:
a +0 short sword; 28 gold pieces You punch the orc!
You kill the orc!
Trog accepts your kill.
An orc comes into view. It is wielding a +0 war axe.
You have reached level 5!
You feel clever.
You hit the quokka.
You kill the quokka!
Trog accepts your kill.
You closely miss the orc. The orc closely misses you.
Ijyb zaps a wand.
The bolt of acid hits you!!!
Ouch! That really hurt!
* * * LOW HITPOINT WARNING * * *
Found a +0 whip.
Unknown command.
Found 10 gold pieces.
Ijyb zaps a wand.
The bolt of acid hits the orc!!
The orc dies!
The bolt of acid hits you!
You die...

#. .# #)...##.. # #.#.
#.#.)#.. ####
#..)###o.(.#.# ##...
#..g###.#.#####÷.## $#
#.#.###.#.....<.##
...###.g.##....#######
...............####
..###..)..###.#....#####
.......@..#...####.....#
#######.###.#### #####.#
##.###....# #..
#..##..##.#########
#..................
##...####.©.####...#
#...##..##### .###..
###...#.....!$..#. ##.
#...[##.##..=###..5 #.


You could see Ijyb, an orc and a goblin.

Vanquished Creatures
  Robin (D:2)
  4 gnolls
  2 adders (D:2)
  2 dart slugs
  An orc (D:3)
  4 ball pythons
  5 endoplasms
  A giant cockroach (D:3)
  14 goblins
  3 hobgoblins
  2 jackals (D:1)
  4 kobolds
  4 quokkas
  4 bats (D:1)
  6 frilled lizards (D:1)
  6 rats
63 creatures vanquished.

Vanquished Creatures (others)
  An orc (D:3)
1 creature vanquished.

Grand Total: 64 creatures vanquished

Notes
Turn   | Place    | Note
-------+----------+-------------------------------------------
     0 | D:1      | Gabide the Mummy Berserker began the quest for the Orb.
     0 | D:1      | Reached XP level 1. HP: 18/18 MP: 1/1
   377 | D:1      | Found a faded altar of an unknown god.
   414 | D:1      | Reached XP level 2. HP: 15/24 MP: 2/2
  1318 | D:2      | Reached XP level 3. HP: 25/30 MP: 3/3
  1493 | D:2      | Reached ** piety under Trog
  1893 | D:2      | Reached skill level 4 in Fighting
  1965 | D:2      | Noticed Robin
  1980 | D:2      | Reached XP level 4. HP: 30/37 MP: 4/4
  1998 | D:2      | Killed Robin
  2551 | D:3      | Noticed Ijyb
  2928 | D:3      | Found a transporter.
  2932 | D:3      | Noticed Morge's ghost (weakling DrEE)
  2946 | D:3      | Found a transporter.
  3043 | D:3      | Reached XP level 5. HP: 40/43 MP: 5/5
  3046 | D:3      | HP: 2/43 [Ijyb/bolt of acid (38)]
  3052 | D:3      | Killed from afar by Ijyb

Illustrated notes

Levels and vault maps discovered:
D:1:      amcnicky_arrival_abandoned_market, layout_loops_ring,
          chequers_ecumenical_altar_twisty, minmay_misc_feat_plants,
          chequers_serial_rivers_large_a
D:2:      layout_basic, minmay_liquid_box, uniq_robin
D:3:      layout_rooms, gammafunk_ghost_stat_death, kennysheep_path_1,
          minmay_misc_feat_alley, minmay_starry_boxes, uniq_ijyb

Skill      XL: |  1  2  3 |
---------------+----------+-----
Unarmed Combat | 3 |  3.7
Fighting       | 4 |  4.5
Armour         | |  1.5
Dodging        | |  1.5

Action                   |  1- 3 |  4- 6 || total
-------------------------+-------+-------++-------
Melee: Unarmed           |   122 |    75 ||   197
       Punch             |     6 |     1 ||     7
Throw: Boomerang         |     2 |       ||     2
  Use: Scroll            |     2 |     1 ||     3
Armor: Animal skin       |    21 |       ||    21
       Ring mail         |     8 |    12 ||    20
Dodge: Dodged            |    82 |    38 ||   120
